 Dungeon Crawl Stone Soup version bcrawl-1.31 (webtiles) character file.

Game seed: 15660716783331591473

284749 t4s4d4r the Basher (level 8, -3/78 HPs)
             Began as an Ent Sloth Apostle on Mar 19, 2021.
             Was an Elder of Cheibriados.
             Slain by a hound (4 damage)
             ... on level 6 of the Dungeon.
             The game lasted 00:06:16 (4154 turns).

t4s4d4r the Basher (Ent Sloth Apostle)              Turns: 4154, Time: 00:06:17

Health: -3/78      AC: 15    Str: 32 (34) XL:     8   Next: 35%
Magic:  12/13      EV:  6    Int: 26 (27) God:    Cheibriados [****..]
Gold:   292        SH: 10    Dex: 19 (20) Spells: 8/9 levels left

rFire    . . .     SeeInvis .   r - +0 morningstar
rCold    . . .     Gourm    .   b - +0 medium shield
rNeg     + + +     Faith    .   (armour unavailable)
rPois    +         Spirit   .   (helmet restricted)
rElec    .         Reflect  .   (no cloak)
rCorr    .         Harm     .   (gloves unavailable)
MR       .....                  (boots unavailable)
Stlth    +++.......             (no amulet)
HPRegen  0.23/turn              v - +5 ring of intelligence
MPRegen  0.13/turn              (no ring)

@: mighty, very slow
A: large, slow actions, passwall, strong branches, negative energy resistance 3,
poison resistance, slow metabolism 1, torment resistance, unbreathing, AC +15
a: Passwall, Bend Time, Temporal Distortion, Slouch, Renounce Religion


You were on level 6 of the Dungeon.
You worshipped Cheibriados.
Cheibriados was greatly pleased with you.
You were near starving.

You visited 1 branch of the dungeon, and saw 6 of its levels.

You collected 292 gold pieces.

Inventory:

Hand Weapons
 a - a +0 mace
 i - the +7 mace "Runnisaz" {drain, rF++ Int+3, unknown}
   (You found it on level 4 of the Dungeon)

   A truly terrible weapon, it drains the life of those it strikes.
   It affects your intelligence (+3).
   It greatly protects you from fire.
 r - a +0 morningstar (weapon)
 u - the +7 war axe of Scorn {drain, rPois MR+ Int+3, unknown}
   (You found it on level 5 of the Dungeon)

   A truly terrible weapon, it drains the life of those it strikes.
   It affects your intelligence (+3).
   It protects you from poison.
   It affects your resistance to hostile enchantments.
Armour
 b - a +0 medium shield (worn)
Jewellery
 f - a cursed amulet of inaccuracy {unknown}
 l - the ring "Hipn" {Ice Dex+4}
   (You found it on level 1 of the Dungeon)

   [ring of ice]

   It enhances your ice magic.
   It affects your dexterity (+4).
   It makes you vulnerable to fire.
   It protects you from cold.
 v - a +5 ring of intelligence (left hand)
Wands
 c - a wand of paralysis (10)
 h - a wand of random effects (4)
Scrolls
 j - a scroll of teleportation
 m - 2 scrolls of fear {unknown}
 n - a scroll of remove curse
 o - a scroll of magic mapping {unknown}
 p - a scroll of amnesia {unknown}
 q - a scroll of fog {unknown}
 t - a scroll of immolation {unknown}
Potions
 g - 2 potions of cancellation
 k - 4 potions of brilliance
 s - a potion of degeneration
Comestibles
 e - 7 rations {!d}


   Skills:
 - Level 2.1 Fighting
 * Level 10.3 Maces & Flails
 - Level 3.6 Stealth
 - Level 1.5 Shields
 - Level 1.2 Spellcasting
 - Level 1.0 Hexes
 + Level 6.7 Invocations
 - Level 0.8 Evocations


You had 8 spell levels left.
You knew the following spells:

 Your Spells              Type           Power        Failure   Level  Hunger
a - Slow                  Hex            #.......     47%         1    None
Your spell library was empty.

Dungeon Overview and Level Annotations

Branches:
Dungeon (6/12)
 Temple: D:4-7

Altars:
Fedhas
Hepliaklqana
Nemelex Xobeh
Xom
The Shining One

Annotations:
D:4 1 runed door


Innate Abilities, Weirdness & Mutations

You move and act slowly.
You can pass through walls and trees.
Your branches can wield two-handed weapons with a shield.
Your thick bark is tough. (AC +15)
You are too large for most types of armour.
You are immune to negative energy. (rN+++)
Your system is resistant to poisons. (rPois)
You have a slow metabolism.
You are immune to unholy pain and torment.
You can survive without breathing.


Message History

* * * LOW HITPOINT WARNING * * *
You block the adder's attack.
No path to travel!
Okay, then.
You thump the adder!
The adder is severely wounded.
The adder barely misses you. You block the adder's attack.
No path to travel!
You hit the adder.
You kill the adder!
Cheibriados thoroughly appreciates the change of pace.
You can now inflict damage on those overly hasty.
Cheibriados raises the support of your attributes as your movement slows.
The hound splashes around in the water.
You block the hound's attack.
No path to travel!
Your shield prevents you from hitting the hound.
The hound bites you.
* * * LOW HITPOINT WARNING * * *
The hound bites you.
You die...

# #. #.##
...
#..##.###
#..._...#
...W..#s####
.Y#.# #ch@<#
.. ###### .


You could see a centaur, a scorpion and a hound.

Vanquished Creatures
  Eustachio (D:5)
  A hungry ghost (D:6)
  A water moccasin (D:5)
  2 sky beasts
  3 centaurs
  An ogre (D:6)
  A scorpion (D:3)
  A crimson imp (D:5)
  3 hounds
  3 orc wizards
  A bullfrog skeleton (D:4)
  2 worker ants
  3 gnolls (D:4)
  5 adders
  2 oozes
  An adder skeleton (D:4)
  3 worms (D:2)
  5 leopard geckos
  8 orcs
  8 giant cockroaches
  4 goblins
  6 hobgoblins
  8 jackals
  4 quokkas
  6 bats
  2 frilled lizards
  10 kobolds
  A quokka skeleton (D:5)
  5 rats
101 creatures vanquished.

Vanquished Creatures (others)
  A killer bee (D:5)
  An orc wizard (D:4)
2 creatures vanquished.

Grand Total: 103 creatures vanquished

Notes
Turn   | Place    | Note
-------+----------+-------------------------------------------
     0 | D:1      | t4s4d4r the Ent Sloth Apostle began the quest for the Orb.
     0 | D:1      | Reached XP level 1. HP: 22/22 MP: 2/2
   186 | D:1      | Reached skill level 3 in Maces & Flails
   350 | D:1      | Reached XP level 2. HP: 30/30 MP: 3/3
   532 | D:1      | Got a glittering turquoise ring
  1048 | D:2      | Reached skill level 4 in Maces & Flails
  1048 | D:2      | Reached skill level 1 in Invocations
  1051 | D:2      | Reached XP level 3. HP: 23/37 MP: 4/4
  1055 | D:2      | Reached * piety under Cheibriados
  1123 | D:2      | Identified the cursed ring "Hipn" {Ice Dex+4} (You found it
                  | on level 1 of the Dungeon)
  1397 | D:2      | Found a glowing golden altar of the Shining One.
  1971 | D:3      | Reached XP level 4. HP: 45/46 MP: 5/5
  2007 | D:3      | Reached skill level 5 in Maces & Flails
  2271 | D:3      | Reached ** piety under Cheibriados
  2290 | D:3      | Reached XP level 5. HP: 25/53 MP: 5/7
  2483 | D:3      | Found a shimmering altar of Xom.
  2485 | D:3      | Found a hazy altar of Hepliaklqana.
  2485 | D:3      | Noticed a spectral ugly thing
  2486 | D:3      | Noticed a spectral ugly thing
  2486 | D:3      | Noticed a spectral ugly thing
  2539 | D:4      | Reached skill level 6 in Maces & Flails
  2889 | D:4      | Reached XP level 6. HP: 50/61 MP: 8/8
  2935 | D:4      | Found a blossoming altar of Fedhas.
  2956 | D:4      | Noticed a sky beast
  2977 | D:4      | Killed a sky beast
  2978 | D:4      | Reached skill level 7 in Maces & Flails
  3005 | D:4      | Reached XP level 7. HP: 21/70 MP: 8/10
  3071 | D:4      | Reached skill level 8 in Maces & Flails
  3114 | D:4      | Reached skill level 5 in Invocations
  3115 | D:4      | Reached *** piety under Cheibriados
  3626 | D:4      | Got a masterwork mace
  3645 | D:4      | Found a runed door.
  3742 | D:5      | Entered Level 5 of the Dungeon
  3771 | D:5      | Got an iridescent war axe
  3828 | D:5      | Reached skill level 9 in Maces & Flails
  3956 | D:5      | Noticed Eustachio
  3965 | D:5      | Killed Eustachio
  3966 | D:5      | Reached XP level 8. HP: 64/78 MP: 12/12
  4116 | D:6      | Found a sparkling altar of Nemelex Xobeh.
  4136 | D:6      | Reached skill level 10 in Maces & Flails
  4151 | D:6      | HP: 2/78 [adder (2)]
  4153 | D:6      | Reached **** piety under Cheibriados
  4154 | D:6      | Slain by a hound

Skill      XL: |  1  2  3  4  5  6  7  8 |
---------------+-------------------------+-----
Maces & Flails | 3 4 5 6 7 9 10 | 10.3
Invocations    | 1 2 3 4 6 |  6.7
Fighting       | |  2.1
Stealth        | |  3.6
Shields        | |  1.5
Spellcasting   | |  1.2
Hexes          | |  1.0
Evocations     | |  0.8

Action                   |  1- 3 |  4- 6 |  7- 9 || total
-------------------------+-------+-------+-------++-------
Melee: Mace              |   157 |   141 |       ||   298
       Morningstar       |       |    11 |   134 ||   145
Invok: Bend Time         |       |     1 |       ||     1
 Abil: Passwall          |     1 |       |       ||     1
  Use: Scroll            |     6 |     1 |     1 ||     8
       Potion            |       |     3 |     3 ||     6
 Stab: Sleeping          |     8 |     2 |     2 ||    12
       Invisible         |       |     3 |     1 ||     4
  Eat: Chunk             |     8 |     6 |     5 ||    19
       Ration            |       |       |     1 ||     1
Armor: Skin              |   166 |   179 |   149 ||   494
Dodge: Dodged            |    67 |    80 |    59 ||   206
Block: Medium shield     |    99 |   116 |   107 ||   322
